 Dungeon Crawl Stone Soup version bcrawl-1.40.3b (webtiles) character file.

Game seed: 10439953420786772892

12527304 Finalfun the Conqueror (level 18, -15/200 HPs)
             Began as a Black Draconian Archaeologist on Mar 21, 2024.
             Was the Champion of Trog.
             Blown up by an ancient automaton (61 damage)
             ... with an orb of destruction
             ... on level 2 of the Pits of Slime.
             The game lasted 01:27:49 (31567 turns).

Finalfun the Conqueror (DrAc)                      Turns: 31567, Time: 01:27:50

Health: -15/200    AC:  3    Str: 20    XL:     18   Next: 46%
Magic:  0/21       EV: 17    Int: 21    God:    Trog [******]
Gold:   828        SH: 14    Dex: 16    Spells: 17/17 levels left

rFire    . . .     GDR:     28% a - +9 demon trident (flame)
rCold    . . .     SeeInvis .   q - +0 medium shield
rNeg     + + .     Gourm    .   (armour unavailable)
rPois    +         Faith    .   S - +2 hat of the Bear Spirit {Spirit, +Rage rN+ MR++}
rElec    +         Spirit   +   D - +0 cloak {+Inv}
rCorr    .         Reflect  .   n - +2 pair of gloves
MR       +++..                  o - +2 pair of boots
Stlth    ++........             c - amulet of regeneration
HPRegen  2.53/turn              N - ring "Viasiff" {rPois Int+6 Dex+5}
MPRegen  0.17/turn              I - ring of positive energy

@: corroded, regenerating, studying Crossbows
A: breathe lightning, unfitting armour, big wings, electricity resistance,
cold-blooded, AC +10
}: 2/15 runes: decaying, gossamer
a: Breathe Lightning, Fly, Berserk, Trog's Hand, Brothers in Arms, Renounce
Religion, Evoke Berserk Rage, Evoke Invisibility


You were on level 2 of the Pits of Slime.
You worshipped Trog.
Trog was exalted by your worship.
You were not hungry.

You visited 7 branches of the dungeon, and saw 29 of its levels.
You also visited: Sewer and Gauntlet.

You collected 3007 gold pieces.
You spent 2179 gold pieces at shops.

Inventory:

Hand Weapons
 a - a +9 demon trident of flaming (weapon)
 b - a +7 fustibalus of velocity
Missiles
 f - 1381 sling bullets
 v - a throwing net {=f}
 K - 168 javelins (quivered)
Armour
 n - a +2 pair of gloves (worn)
 o - a +2 pair of boots (worn)
 q - a +0 medium shield (worn)
 D - a +0 cloak of invisibility (worn)
 S - the +2 hat of the Bear Spirit (worn) {Spirit, +Rage rN+ MR++}
   (You bought it in a shop in the Orcish Mines)

   It protects you from negative energy.
   It affects your resistance to hostile enchantments.
   It lets you go berserk.
Jewellery
 c - an amulet of regeneration (around neck)
 g - the ring of Kafroh {rCorr Str+4}
   (You bought it in a shop in the Orcish Mines)

   [ring of resist corrosion]

   It affects your strength (+4).
   It provides partial protection from all sources of acid and corrosion.
 G - an uncursed ring of protection from magic
 I - a ring of positive energy (right hand)
 N - the ring "Viasiff" (left hand) {rPois Int+6 Dex+5}
   (You found it in a Gauntlet)

   [ring of dexterity]

   It affects your intelligence (+6).
   It affects your dexterity (+5).
   It protects you from poison.
 P - an uncursed ring of protection from fire
Wands
 h - a wand of disintegration (31)
 m - a wand of digging (27)
 r - a wand of scattershot (5)
 H - a wand of paralysis (24)
 Q - a wand of polymorph (7)
 T - a wand of iceblast (12)
 U - a wand of acid (15)
 V - a wand of flame (24)
Scrolls
 d - 7 scrolls of enchant armour
 l - 4 scrolls of blinking
 p - 5 scrolls of fog
 t - 4 scrolls of immolation
 u - 10 scrolls of remove curse
 y - a scroll of vulnerability
 C - 10 scrolls of teleportation
 F - 3 scrolls of fear
 J - a scroll of brand weapon
 W - 5 scrolls of revelation
 Z - a scroll of silence
Potions
 i - 2 potions of ambrosia
 j - 4 potions of brilliance
 k - 3 potions of flight
 s - a potion of cancellation
 x - 3 potions of might
 z - 4 potions of haste
 A - 11 potions of curing
 B - 5 potions of agility
 M - 2 potions of mutation
 X - 2 potions of resistance
 Y - 2 potions of invisibility
Miscellaneous
 w - a lightning rod (4/4)
 O - a sack of spiders
 R - a box of beasts
Comestibles
 e - 44 rations {!d}


   Skills:
 O Level 27 Fighting
   Level 1.0 Maces & Flails
 + Level 14.0 Polearms
 + Level 10.0 Dodging
 - Level 3.0 Stealth
 + Level 16.0 Shields
 - Level 5.0 Evocations


You had 17 spell levels left.
You didn't know any spells.
Your spell library contained the following spells:

 Spells                   Type           Power        Failure   Level  Hunger
 Beastly Appendage        Tmut           #.....       54%         1    None
 Sting                    Conj/Pois      #...         54%         1    None
 Passwall                 Tmut/Erth      #.......     69%         2    ####...
 Sticks to Snakes         Tmut           #.......     69%         2    ####...
 Ignite Poison            Fire/Tmut/Pois #.......     89%         3    #####..
 Recall                   Summ/Tloc      N/A          89%         3    #####..
 Olgreb's Toxic Radiance  Pois           #........    100%        4    ######.
 Summon Ice Beast         Ice/Summ       #.......     100%        4    ######.
 Summon Lightning Spire   Summ/Air       #.......     100%        5    #######
 Statue Form              Tmut/Erth      #........    100%        6    #######
 Dragon Form              Tmut           #......      100%        7    #######


Dungeon Overview and Level Annotations

Branches:
Dungeon (12/12)            Temple (1/1) D:5            Lair (6/6) D:9
  Swamp (3/3) Lair:3       Spider (3/3) Lair:3        Slime (3/5) Orc
    Orc (1/1) D:8             Elf (0/3) Lair:5       Vaults (0/3) D:11
 Depths (0/5) D:12

Altars:
Ashenzari
Cheibriados
Dithmenos
Elyvilon
Fedhas
Gozag
Hepliaklqana
Kikubaaqudgha
Lugonu
Makhleb
Nemelex Xobeh
Okawaru
Qazlal
Ru
Sif Muna
Trog
Uskayaw
Vehumet
Wu Jian
Xom
Yredelemnul
Zin
The Shining One
Jiyva

Shops:
D:11 *   Orc =%*[[

Portals:
Abyss: Swamp:2

Annotations:
D:10 3 runed translucent doors, yrara's ghost, journeyman DsFi


Innate Abilities, Weirdness & Mutations

You can breathe wild blasts of lightning.
Your glossy black scales are hard. (AC +10)
You cannot fit into any form of body armour.
Your large and strong wings let you fly indefinitely.
You are resistant to electric shocks. (rElec)
You are cold-blooded and may be slowed by cold attacks.


Message History

You resist. The bolt of lightning hits you!
* * * LOW HITPOINT WARNING * * *
You feel somewhat more hungry.
You feel the corruption within you wane completely.
Your connection to magic feels less subdued.
Your magic regains its normal vibrancy.
You have mastered Fighting!
You need to enable at least one skill for training.
You start resting.
You have got your breath back.
You start resting.
An ancient automaton comes into view.
You eat one of the 45 rations {!d}.
That ration really hit the spot!
Your skin crawls.
You feel somewhat more hungry.
The ancient automaton conjures an orb of pure magic.
An orb of destruction comes into view.
The ancient automaton conjures an orb of pure magic.
An orb of destruction comes into view.
The orb of destruction hits you!!!
You die...

####### ##.....##
##### ##.......##
##...######.........##
........#............#
.....................#
.....................#
..........○○○○.>.....#
.......###9.☼*○☼@....#
.#...### ##.........##
###+## ##.......##
##.....## #.....##
#.##...# #.# #...# #.#
##...# #.# #....######


You could see an ancient automaton.

Vanquished Creatures
  Dissolution (Slime:2)
  Arachne (Spider:3)
  Rupert (Lair:3)
  2 acid blobs (Slime:1)
  3 thorn hunters
  Kirke (Swamp:3)
  A fire giant (D:11)
  Roxanne (D:12)
  4 azure jellies
  2 ghost moths
  The ghost of foxfromabyss the Covert, a journeyman GnSA of Cheibriados (Orc)
  An orc warlord (Orc)
  4 emperor scorpions (Spider:3)
  A very ugly thing (Swamp:2)
  An entropy weaver (Spider:1)
  A spark wasp (Spider:3)
  A minotaur (Gauntlet)
  3 fire dragons
  Harold (D:10)
  Fannar (Lair:1)
  21 hydras
  An ice dragon (D:12)
  A vault guard (D:11)
  A catoblepas (Lair:6)
  A shambling mangrove (Swamp:1)
  2 ghost crabs
  A great orb of eyes (Slime:2)
  Sonja (Lair:3)
  3 two-headed ogres
  18 death yaks
  11 alligators
  8 death scarabs (Spider:3)
  5 ancient automatons
  5 orc high priests (Orc)
  69 slime creatures
  3 centaur warriors
  A spectral emperor scorpion (Spider:3)
  A death drake (Swamp:1)
  5 spriggan druids
  13 swamp dragons
  7 cyclopes
  4 spectral wolf spiders (Spider:3)
  2 wolf spider zombies (Spider:3)
  2 lindwurms (Lair:6)
  16 wolf spiders
  A wizard (D:11)
  3 manticores
  7 orc knights
  4 deep elf magi
  2 shining eyes (Slime:1)
  An orc sorcerer (D:12)
  3 ugly things
  16 orb spiders
  4 moths of wrath
  4 black mambas
  7 elephants
  5 will-o'-wisps (Swamp:2)
  8 torpor snails
  25 jumping spiders
  16 cane toads
  A freezing wraith (D:12)
  A yaktaur (D:12)
  9 demonic crawlers
  5 flying skulls (Gauntlet)
  4 rime drakes
  6 komodo dragons
  An efreet (Gauntlet)
  3 spectral jumping spiders (Spider:3)
  8 tyrant leeches
  4 trolls
  20 hornets
  A polar bear (Lair:5)
  A wolf spider simulacrum (D:11)
  3 meliai (D:12)
  Prince Ribbit (Lair:1)
  2 tarantella zombies (Spider:3)
  A raiju (Gauntlet)
  2 spectral tarantellas (Spider:3)
  A spectral redback (Spider:3)
  A harpy skeleton (D:11)
  6 hippogriffs
  2 bog bodies
  4 dream sheep (Lair:6)
  16 blink frogs
  Sigmund (D:2)
  Grum (D:11)
  17 yaks
  2 spriggans
  2 vampires
  2 wyverns
  2 wraiths
  3 fire elementals (Gauntlet)
  27 tarantellas
  3 steam dragons
  A hog (Swamp:3)
  27 redbacks
  4 basilisks
  4 wargs
  A jumping spider zombie (Spider:3)
  2 hungry ghosts (D:12)
  29 vampire mosquitoes
  6 swamp worms
  3 acid dragons
  3 hell hounds (Gauntlet)
  9 crocodiles
  3 porcupines
  5 water moccasins
  31 orc warriors
  11 swamp drakes
  3 black bears
  2 redback zombies (Spider:3)
  A hornet zombie (Spider:3)
  3 spectral hornets (Spider:3)
  6 sky beasts
  2 necrophages
  4 ice beasts
  10 ogres
  A phantom (D:6)
  7 wolves
  17 bullfrogs
  A kobold brigand (Sewer)
  A gnoll sergeant (D:11)
  11 centaurs
  A wyvern zombie (D:7)
  3 scorpions
  A water moccasin skeleton (D:10)
  10 killer bees
  6 wights (D:10)
  3 electric eels
  3 howler monkeys
  28 orc priests
  A quasit (D:7)
  4 hounds
  A jelly (D:5)
  2 bullfrog skeletons
  3 bullfrog zombies
  5 crimson imps
  13 orc wizards
  5 iguanas
  10 worker ants
  Robin (D:2)
  9 gnolls
  10 adders
  5 shadow imps
  2 oozes (Sewer)
  An adder skeleton (D:6)
  5 worms
  3 leopard geckos
  76 orcs
  6 ball pythons
  6 bats
  6 giant cockroaches
  14 goblins
  7 hobgoblins
  8 jackals
  10 kobolds
  4 quokkas
  8 frilled lizards
  A jackal skeleton (D:6)
  7 rats
  A fungus (D:2)
  2 lurking horrors (Swamp:2)
  5 plants
1007 creatures vanquished.

Vanquished Creatures (collateral kills)
  A ghost moth (Lair:3)
  An orc knight (Orc)
  2 orc warriors (Orc)
  An orc priest (Orc)
5 creatures vanquished.

Vanquished Creatures (others)
  An alligator (Swamp:3)
  A will-o'-wisp (Swamp:3)
  5 humans (Swamp:3)
  An adder (D:10)
  8 fungi
  A lurking horror (Swamp:2)
  27 plants
44 creatures vanquished.

Grand Total: 1056 creatures vanquished

Notes
Turn   | Place    | Note
-------+----------+-------------------------------------------
     0 | D:1      | Finalfun the Draconian Archaeologist began the quest for
                  | the Orb.
     0 | D:1      | Reached XP level 1. HP: 16/16 MP: 1/1
   200 | D:1      | Reached XP level 2. HP: 23/23 MP: 2/2
   730 | D:1      | Reached XP level 3. HP: 28/28 MP: 3/3
  1085 | D:2      | Found a blossoming altar of Fedhas.
  1137 | D:2      | Noticed Robin
  1197 | D:2      | Reached skill level 2 in Fighting
  1275 | D:2      | Noticed Sigmund
  1407 | D:3      | Reached skill level 3 in Fighting
  1407 | D:3      | Reached XP level 4. HP: 29/38 MP: 4/4
  1697 | D:2      | Reached skill level 4 in Fighting
  1761 | D:2      | Reached XP level 5. HP: 31/47 MP: 5/5
  1761 | D:2      | Identified a scroll of acquirement
  1779 | D:2      | Identified the ring "Zuoruq" {EV+3 Stlth+} (You acquired it
                  | on level 2 of the Dungeon)
  1809 | D:2      | Killed Robin
  1826 | D:2      | Reached skill level 1 in Polearms
  1953 | D:2      | Killed Sigmund
  1954 | D:2      | Reached skill level 5 in Fighting
  1954 | D:2      | Reached XP level 6. HP: 48/56 MP: 6/6
  2582 | D:4      | Found a glowing drain.
  2602 | Sewer    | Entered a sewer
  2730 | Sewer    | Your scales start taking on a glossy black colour.
  2730 | Sewer    | Reached skill level 6 in Fighting
  2730 | Sewer    | Reached XP level 7. HP: 58/63 MP: 5/7
  2730 | Sewer    | Gained mutation: You are resistant to electric shocks.
                  | (rElec) [Black Draconian growth]
  3077 | D:4      | Found a shimmering blue altar of Sif Muna.
  3159 | D:4      | Reached skill level 5 in Polearms
  3848 | D:5      | Entered Level 5 of the Dungeon
  4067 | D:5      | Found a staircase to the Ecumenical Temple.
  4222 | D:5      | Reached XP level 8. HP: 51/70 MP: 3/8
  4960 | Temple   | Entered the Ecumenical Temple
  5190 | Temple   | Became a worshipper of Trog the Wrathful
  5264 | D:6      | Noticed a hippogriff
  5275 | D:6      | Killed a hippogriff
  5363 | D:6      | Noticed a cyclops
  5394 | D:6      | Reached skill level 1 in Evocations
  5566 | D:6      | Reached XP level 9. HP: 58/75 MP: 8/11
  5711 | D:6      | Killed a cyclops
  5712 | D:6      | Reached skill level 10 in Polearms
  5712 | D:6      | Reached skill level 5 in Evocations
  5828 | D:6      | Reached * piety under Trog
  5940 | D:6      | Found a glowing golden altar of the Shining One.
  6265 | D:7      | Noticed a two-headed ogre
  6275 | D:7      | Killed a two-headed ogre
  6399 | D:7      | Reached XP level 10. HP: 74/83 MP: 11/13
  7237 | D:8      | Reached ** piety under Trog
  7646 | D:8      | Found a staircase to the Orcish Mines.
  8360 | D:9      | Noticed a centaur warrior
  8376 | D:9      | Killed a centaur warrior
  8376 | D:9      | Reached *** piety under Trog
  8377 | D:9      | Reached skill level 7 in Fighting
  8669 | D:9      | Found a staircase to the Lair.
  8730 | D:9      | Reached skill level 8 in Fighting
  8766 | D:9      | Reached XP level 11. HP: 93/94 MP: 14/14
  9167 | Lair:1   | Entered Level 1 of the Lair of Beasts
  9170 | Lair:1   | Reached skill level 9 in Fighting
  9228 | Lair:1   | Noticed Fannar
  9245 | Lair:1   | Killed Fannar
  9408 | Lair:1   | Noticed Prince Ribbit
  9420 | Lair:1   | Reached skill level 10 in Fighting
  9575 | Lair:1   | Killed Prince Ribbit
  9681 | Lair:1   | Reached skill level 5 in Dodging
  9961 | Lair:1   | Got a brightly glowing brass amulet
 10365 | Lair:1   | Identified the amulet "Gaygep" {Inacc Dex+4} (You found it
                  | on level 1 of the Lair of Beasts)
 11419 | Lair:3   | Found a gate leading to a gauntlet.
 11428 | Gauntlet | Entered a Gauntlet
 11428 | Gauntlet | Found a transporter.
 11428 | Gauntlet | Found a transporter.
 11432 | Gauntlet | Found a transporter.
 11432 | Gauntlet | Found a transporter.
 11441 | Gauntlet | Noticed a dire elephant
 11443 | Gauntlet | Found a transporter.
 11443 | Gauntlet | Found a transporter.
 11449 | Gauntlet | Noticed a thrashing horror
 11452 | Gauntlet | Found a transporter.
 11452 | Gauntlet | Found a transporter.
 11454 | Gauntlet | Noticed a thrashing horror
 11475 | Gauntlet | Found a transporter.
 11489 | Gauntlet | Found a transporter.
 11513 | Gauntlet | Found a transporter.
 11547 | Gauntlet | Found a transporter.
 11562 | Gauntlet | Found a transporter.
 11577 | Gauntlet | Found a transporter.
 11676 | Gauntlet | Found a transporter.
 11691 | Gauntlet | Found a transporter.
 11858 | Gauntlet | Reached **** piety under Trog
 11900 | Gauntlet | Got a scintillating bone ring
 11903 | Gauntlet | Got a smoking tin ring
 11911 | Gauntlet | Identified the cursed ring "Hufeofes" {rElec rF++ MR- Dex+2
                  | Stlth--} (You found it in a Gauntlet)
 11912 | Gauntlet | Identified the ring "Viasiff" {rPois Int+6 Dex+5} (You
                  | found it in a Gauntlet)
 11952 | Gauntlet | Noticed a phantasmal warrior
 11962 | Gauntlet | HP: 3/99 [phantasmal warrior[a flying skull] (4)]
 11962 | Gauntlet | HP: 1/99 [flying skull (2)]
 12002 | Gauntlet | Got a vibrating platinum amulet
 12161 | Gauntlet | Noticed a minotaur
 12171 | Gauntlet | Killed a minotaur
 12172 | Gauntlet | Reached XP level 12. HP: 106/106 MP: 11/15
 12174 | Gauntlet | Identified the Grimoire of Toxins and Summoning
 12175 | Gauntlet | Got a brightly glowing falchion
 12202 | Lair:3   | Identified the cursed +1 falchion "Maegiuc" {pain, rPois
                  | rC+ Str+3} (You found it in a Gauntlet)
 12214 | Lair:3   | Noticed Sonja
 12232 | Lair:3   | Killed Sonja
 12332 | Lair:3   | Found a staircase to the Swamp.
 12334 | Lair:3   | Reached skill level 10 in Dodging
 12360 | Lair:3   | Found a hole to the Spider Nest.
 12917 | Lair:3   | Noticed Rupert
 12937 | Lair:3   | Killed Rupert
 12938 | Lair:3   | Reached skill level 12 in Fighting
 13227 | Lair:4   | Noticed a death yak
 13232 | Lair:4   | Noticed a death yak
 13247 | Lair:4   | Killed a death yak
 13358 | Lair:4   | Reached skill level 13 in Fighting
 13408 | Lair:4   | Noticed a death yak
 13408 | Lair:4   | Noticed a death yak
 13408 | Lair:4   | Noticed a death yak
 13408 | Lair:4   | Noticed a death yak
 13408 | Lair:4   | Noticed a death yak
 13414 | Lair:4   | Noticed a death yak
 13417 | Lair:4   | Noticed a death yak
 13427 | Lair:3   | Killed a death yak
 13640 | Lair:4   | Noticed a death yak
 13662 | Lair:3   | Killed a death yak
 13663 | Lair:3   | Reached skill level 14 in Fighting
 13668 | Lair:3   | Killed a death yak
 13879 | Lair:4   | Killed a death yak
 13890 | Lair:4   | Killed a death yak
 13894 | Lair:4   | Killed a death yak
 13895 | Lair:4   | Reached skill level 15 in Fighting
 14203 | Lair:4   | Killed a death yak
 14204 | Lair:4   | Reached XP level 13. HP: 127/127 MP: 13/16
 14325 | Lair:4   | Identified the amulet of Juiguit {Spirit *Drain rN+ MP+9
                  | Str+4} (You found it in a Gauntlet)
 14722 | Lair:4   | Reached skill level 16 in Fighting
 15018 | Lair:5   | Reached skill level 17 in Fighting
 15478 | Lair:5   | Reached skill level 18 in Fighting
 15507 | Lair:5   | Found a staircase to the Elven Halls.
 15814 | Lair:6   | Entered Level 6 of the Lair of Beasts
 15818 | Lair:6   | Reached ***** piety under Trog
 15999 | Lair:6   | Received a gift from Trog
 16071 | Lair:6   | Reached skill level 19 in Fighting
 16278 | Lair:6   | Noticed a fire dragon
 16295 | Lair:6   | Killed a fire dragon
 16296 | Lair:6   | Gained mutation: Your large and strong wings let you fly
                  | indefinitely. [Black Draconian growth]
 16296 | Lair:6   | Reached XP level 14. HP: 109/146 MP: 17/17
 16568 | Lair:6   | Reached skill level 20 in Fighting
 17176 | Lair:6   | Found a runed door.
 17334 | Lair:6   | Reached skill level 21 in Fighting
 17692 | D:10     | Entered Level 10 of the Dungeon
 17692 | D:10     | Found a runed translucent gate.
 17693 | D:10     | Found a runed translucent gate.
 17693 | D:10     | Identified the cursed +1 short sword "Abatz" {chaos, *Rage
                  | rC+ rN+ Str+4}
 17693 | D:10     | Noticed yrara's ghost (journeyman DsFi)
 17694 | D:10     | Found a runed translucent gate.
 17737 | D:10     | Received a gift from Trog
 17955 | D:10     | Noticed Harold
 18207 | D:10     | Killed Harold
 18229 | D:10     | Reached skill level 1 in Shields
 18929 | D:11     | Found Gasusm's Assorted Antiques.
 18938 | D:11     | Bought a scroll labeled HUCLYH ZELLOEZ for 26 gold pieces
 18938 | D:11     | Bought a scroll of enchant weapon for 195 gold pieces
 18938 | D:11     | Bought a potion of agility for 104 gold pieces
 18938 | D:11     | Bought a scroll of teleportation for 78 gold pieces
 18938 | D:11     | Bought a wand of disintegration (7) for 80 gold pieces
 19057 | D:11     | Found a shadowy altar of Dithmenos.
 19082 | D:11     | Noticed Grum
 19087 | D:11     | Killed Grum
 19088 | D:11     | Reached skill level 5 in Shields
 19155 | D:11     | Noticed a fire giant
 19159 | D:11     | Killed a fire giant
 19290 | D:11     | Found a gate to the Vaults.
 19334 | D:11     | Reached XP level 15. HP: 160/160 MP: 18/18
 19588 | D:12     | Entered Level 12 of the Dungeon
 19792 | D:12     | Found a staircase to the Depths.
 19904 | D:12     | Noticed Roxanne
 20027 | D:12     | Killed Roxanne
 20028 | D:12     | Identified Roxanne's Collected Works on Shape Shifting (You
                  | took it off Roxanne on level 12 of the Dungeon)
 20624 | D:12     | Received a gift from Trog
 20896 | Orc      | Entered the Orcish Mines
 20896 | Orc      | Found a runed translucent gate.
 20896 | Orc      | Found a runed translucent gate.
 20896 | Orc      | Found a runed translucent gate.
 21495 | Orc      | Noticed foxfromabyss's ghost (journeyman GnSA)
 21501 | Orc      | Reached skill level 10 in Shields
 21507 | Orc      | Noticed an orc warlord
 21591 | Orc      | Killed an orc warlord
 21678 | Orc      | Received a gift from Trog
 22052 | Orc      | Found Eryluyz's Jewellery Shoppe.
 22054 | Orc      | Found Bocan's Food Emporium.
 22058 | Orc      | Found Roisidgh's Assorted Antiques.
 22059 | Orc      | Found Onkuxilire's Antique Armour Shoppe.
 22198 | Orc      | Found Toosiew's Armour Boutique.
 22227 | Orc      | Bought the +2 hat of the Bear Spirit {Spirit, +Rage rN+
                  | MR++} for 586 gold pieces
 22227 | Orc      | Found the +2 hat of the Bear Spirit {Spirit, +Rage rN+
                  | MR++}
 22279 | Orc      | Found a staircase to the Slime Pits.
 22281 | Orc      | Found a viscous altar of Jiyva.
 22481 | Orc      | Killed foxfromabyss's ghost
 22637 | Orc      | Bought an uncursed amulet of regeneration for 512 gold
                  | pieces
 22638 | Orc      | Bought the cursed ring of Kafroh {rCorr Str+4} for 598 gold
                  | pieces
 22795 | Spider:1 | Entered Level 1 of the Spider Nest
 22961 | Spider:1 | Received a gift from Trog
 23108 | Lair:3   | Killed a ghost moth
 23814 | Spider:2 | Reached XP level 16. HP: 165/168 MP: 11/19
 24468 | Spider:3 | Entered Level 3 of the Spider Nest
 24618 | Spider:3 | Received a gift from Trog
 24841 | Spider:3 | Noticed Arachne
 24854 | Spider:3 | Killed Arachne
 24855 | Spider:3 | Reached skill level 15 in Shields
 25708 | Spider:3 | Received a gift from Trog
 25716 | Spider:3 | Reached skill level 22 in Fighting
 25768 | Spider:3 | Found a huge runed gate.
 25768 | Spider:3 | Found a huge runed gate.
 25768 | Spider:3 | Found a huge runed gate.
 25768 | Spider:3 | Found a huge runed gate.
 25769 | Spider:3 | Found a huge runed gate.
 26306 | Spider:3 | Reached XP level 17. HP: 178/178 MP: 15/20
 26346 | Spider:3 | Got a gossamer rune of Zot
 26532 | Swamp:1  | Entered Level 1 of the Swamp
 26709 | Swamp:1  | Reached skill level 23 in Fighting
 27498 | Swamp:2  | Reached ****** piety under Trog
 27522 | Swamp:2  | Received a gift from Trog
 27916 | Swamp:2  | Found a one-way gate to the infinite horrors of the Abyss.
 27921 | Swamp:2  | Found a corrupted altar of Lugonu.
 28361 | Swamp:3  | Entered Level 3 of the Swamp
 28385 | Swamp:3  | Reached skill level 24 in Fighting
 28615 | Swamp:3  | Noticed Kirke
 28631 | Swamp:3  | Killed Kirke
 28720 | Swamp:3  | Identified the +4 broad axe of Jaalyne {chop, rPois rF+}
                  | (Trog gifted it to you on level 3 of the Swamp)
 28720 | Swamp:3  | Received a gift from Trog
 28957 | Swamp:3  | Reached skill level 25 in Fighting
 29185 | Swamp:3  | Got a decaying rune of Zot
 29688 | Slime:1  | Entered Level 1 of the Pits of Slime
 29722 | Slime:1  | Noticed an acid blob
 29733 | Slime:1  | Killed an acid blob
 29811 | Slime:1  | Noticed an acid blob
 29823 | Slime:1  | Killed an acid blob
 29824 | Slime:1  | Reached XP level 18. HP: 108/195 MP: 13/21
 30122 | Slime:1  | Reached skill level 26 in Fighting
 30324 | Slime:1  | Received a gift from Trog
 31530 | Slime:3  | Noticed Dissolution
 31538 | Slime:3  | Paralysed by a floating eye for 4 turns
 31548 | Slime:2  | Killed Dissolution
 31549 | Slime:2  | Reached skill level 27 in Fighting
 31567 | Slime:2  | Blown up by an ancient automaton

Skill      XL: |  1  2  3  4  5  6  7  8  9 10 11 12 13 14 15 16 17 18 |
---------------+-------------------------------------------------------+-----
Dodging        | 3 4 9 10 | 10.0
Fighting       | 3 4 5 6 8 10 15 19 21 22 25 27 | 27.0
Polearms       | 3 4 7 9 11 14 | 14.0
Evocations     | 3 5 |  5.0
Shields        | 6 13 16 | 16.0
Maces & Flails | |  1.0
Stealth        | |  3.0

Action                   |  1- 3 |  4- 6 |  7- 9 | 10-12 | 13-15 | 16-18 || total
-------------------------+-------+-------+-------+-------+-------+-------++-------
Melee: Whip              |   189 |   116 |       |       |       |       ||   305
       Tailslap          |    16 |    16 |    11 |    56 |   147 |   187 ||   433
       Demon trident     |       |   101 |   220 |   511 |  1182 |  1199 ||  3213
 Fire: Blowgun           |       |     2 |       |       |       |       ||     2
Throw: Stone             |     3 |    37 |    53 |       |       |       ||    93
       Tomahawk          |       |       |       |     7 |    85 |       ||    92
       Javelin           |       |       |       |       |    47 |   193 ||   240
Invok: Berserk           |       |       |     1 |     8 |     6 |     8 ||    23
       Trog's Hand       |       |       |       |     1 |     4 |     8 ||    13
       Brothers in Arms  |       |       |       |       |     2 |     1 ||     3
 Abil: Breathe Lightning |       |       |     1 |     4 |     2 |     3 ||    10
Evoke: Wand              |       |       |       |       |     4 |    13 ||    17
       Lightning rod     |       |       |       |       |       |     1 ||     1
  Use: Scroll            |     3 |     5 |    10 |    16 |    12 |     5 ||    51
       Potion            |       |       |       |     3 |     1 |     2 ||     6
 Stab: Sleeping          |     2 |     1 |     6 |     4 |     4 |     2 ||    19
       Distracted        |       |       |       |     3 |     3 |     3 ||     9
  Eat: Chunk             |     7 |    12 |    16 |    30 |    57 |    27 ||   149
       Ration            |       |       |     1 |     3 |     2 |    12 ||    18
Armor: Skin              |    81 |    73 |    45 |   117 |   254 |   344 ||   914
Dodge: Dodged            |   118 |   142 |    68 |   270 |   487 |   536 ||  1621
Block: Medium shield     |       |       |       |       |   304 |   720 ||  1024
